 Dungeon Crawl Stone Soup version 0.31-a0-625-gc9c7e45f3f (webtiles) character file.

Game seed: 3991131500457214768

16 Descartes the Grasshopper (level 2, 26/26 HPs)
             Began as a Naga Warper on Aug 24, 2023.
             Got out of the dungeon alive.
             The game lasted 00:01:17 (812 turns).

Descartes the Grasshopper (Naga Warper)              Turns: 812, Time: 00:01:18

Health: 26/26      AC:  2    Str: 13    XL:     2   Next: 54%
Magic:  5/5        EV:  9    Int: 13    God:
Gold:   47         SH:  0    Dex: 10    Spells: 5/5 levels left

rFire   . . .        a - +0 hand axe
rCold   . . .        (no shield)
rNeg    . . .        b - +0 leather armour
rPois   +            (no helmet)
rElec   .            (no cloak)
rCorr   .            (no gloves)
SInv    +            (no barding)
Will    .....        (no amulet)
Stlth   +            (no ring)
HPRegen 0.24/turn    (no ring)
MPRegen 0.09/turn

%: no passive effects
@: very slow
A: AC +0, large, see invisible, deformed body, poison resistance, slowness 2,
spit poison 1, naga tail 1
a: Spit Poison


You escaped.
You visited 1 branch of the dungeon, and saw 1 of its levels.

You collected 47 gold pieces.

Inventory:

Hand Weapons
 a - a +0 hand axe (weapon)
Missiles
 d - 7 darts of dispersal (quivered)
Armour
 b - a +0 leather armour (worn)
Jewellery
 f - a ring of willpower
Scrolls
 c - a scroll of blinking
 e - 2 scrolls of teleportation {unknown}


   Skills:
 - Level 2.0 Fighting
 * Level 2.6 Axes
 - Level 0.8 Throwing
 + Level 1.1 Armour
 - Level 1.5 Dodging
 - Level 2.0 Spellcasting
 + Level 3.2 Translocations


You had 5 spell levels left.
You didn't know any spells.
Your spell library contained the following spells:

 Spells                   Type           Power      Damage    Failure   Level
 Blink                    Tloc           18%        N/A       13%         2
 Lesser Beckoning         Tloc           18%        N/A       13%         2
 Teleport Other           Tloc           9%         N/A       26%         3
 Vhi's Electric Charge    Tloc/Air       10%        N/A       45%         3
 Manifold Assault         Tloc           9%         N/A       65%         4


Dungeon Overview and Level Annotations

Branches:
Dungeon (1/15)

Altars:


Innate Abilities, Weirdness & Mutations

Your serpentine skin is tough. (AC +0)
You have supernaturally acute eyesight. (SInv)
Armour fits poorly on your strangely shaped body.
Your system is resistant to poisons. (rPois)
You cover ground very slowly.
You can spit poison.
You have a snake-like lower body.


Message History

a +0 club; a bat corpse; a goblin corpse A hobgoblin comes into view.
The hobgoblin shouts!
You hit the hobgoblin.
The hobgoblin is severely wounded.
The hobgoblin hits you.
You hit the hobgoblin but do no damage.
The hobgoblin is severely wounded.
The hobgoblin closely misses you. The hobgoblin barely misses you.
You closely miss the hobgoblin.
The hobgoblin is severely wounded.
The hobgoblin barely misses you.
You barely miss the hobgoblin.
The hobgoblin is severely wounded.
The hobgoblin hits you.
You closely miss the hobgoblin.
The hobgoblin is severely wounded.
The hobgoblin hits you.
You closely miss the hobgoblin.
The hobgoblin is severely wounded.
The hobgoblin hits you but does no damage.
You closely miss the hobgoblin.
The hobgoblin is heavily wounded.
The hobgoblin hits you. x2
You hit the hobgoblin.
You kill the hobgoblin!
No target in view!
No target in view!
No target in view!
No target in view!
No target in view!
You see here a hobgoblin corpse.
You see here a hobgoblin corpse.
You now have 39 gold pieces (gained 11).
You now have 47 gold pieces (gained 8).
Found a long sword.
No target in view!
f - a ring of willpower
There is a staircase leading out of the dungeon here.
You have escaped!

.##.# #.....########.#.#
#.... .##†##
#......(.......#.###....
.##..##
####≈≈≈≈≈≈≈###.#........
.###..#
#≈≈≈≈≈≈≈≈≈≈##.######... .#
##)## #≈≈≈≈≈≈≈≈≈≈#...........
.# #..#
#≈≈≈...~≈≈≈###########. .#
##.# #≈....≈≈~≈≈#.. #. .# #)#
#≈........≈#.# # #. ### #.#
#≈≈≈..@....#.# .# #.
..####.####≈≈..........###.##
#.
.........####...............#
#.
....................#.......#
#.
.........##########.........#
#. .........# ####..##+## #.
#.......## #.....# #†
#.......# #.##..#####.
#.......# #.##....>...


There were no monsters in sight!

Vanquished Creatures
  An endoplasm (D:1)
  A goblin (D:1)
  A hobgoblin (D:1)
  2 jackals (D:1)
  2 bats (D:1)
  A frilled lizard (D:1)
  5 kobolds (D:1)
  3 rats (D:1)
16 creatures vanquished.

Notes
Turn   | Place    | Note
-------+----------+-------------------------------------------
     0 | D:1      | Descartes the Naga Warper began the quest for the Orb.
     0 | D:1      | Reached XP level 1. HP: 19/19 MP: 3/3
   378 | D:1      | Reached skill level 1 in Armour
   381 | D:1      | Reached XP level 2. HP: 21/26 MP: 5/5
   812 | D:$      | Got out of the dungeon alive.

Illustrated notes

Levels and vault maps discovered:
D:1:      dpeg_arrival_pond, layout_basic

Skill      XL: |  1 |
---------------+----+-----
Armour         | 1 |  1.1
Fighting       | |  2.0
Axes           | |  2.6
Throwing       | |  0.8
Dodging        | |  1.5
Spellcasting   | |  2.0
Translocations | |  3.2

Action                     || total
---------------------------++-------
  Melee: Hand axe          ||    64
 Armour: Leather armour    ||    18
  Dodge: Dodged            ||    40

Table legend: (Time is in decaauts)
 A = Elapsed time spent in this place.
 B = Non-inter-level travel time spent in this place.
 C = Inter-level travel time spent in this place.
 D = Time resting spent in this place.
 E = Time spent auto-exploring this place.
 F = Levels seen in this place.
 G = Mean time per level.
                   A        B        C        D        E       F      G
               +--------+--------+--------+--------+--------+-----+--------+
         Total |   1055 |    999 |     56 |      0 |    860 |   1 | 1055.0 |
       Dungeon |   1055 |    999 |     56 |      0 |    860 |   1 | 1055.0 |
               +--------+--------+--------+--------+--------+-----+--------+

Top non-repeatable levels by time:
     D:1: 1055 daAuts
